 Dungeon Crawl Stone Soup version 0.17.0-24-gcfadda4 (webtiles) character file.

34 M4edhros the Sneak (level 3, 0/26 HPs)
             Began as an Octopode Chaos Knight on Nov 15, 2015.
             Succumbed to poison (a potion of poison)
             ... on level 2 of the Dungeon.
             The game lasted 00:00:47 (764 turns).

M4edhros the Sneak (Octopode Chaos Knight)           Turns: 764, Time: 00:00:47

Health: 0/26       AC:  1    Str: 11    XL:     3   Next: 31%
Magic:  3/3        EV: 12    Int: 19    God:    Xom [..*...]
Gold:   77         SH:  0    Dex: 12    Spells: 0 memorised, 2 levels left

rFire  . . .     SeeInvis .     a - +0 spear (chaos)
rCold  . . .     Rnd*Rage +     (no shield)
rNeg   . . .     SustAt   .     (helmet restricted)
rPois  +         Gourm    .     (no amulet)
rElec  .         Spirit   .     (no ring)
rCorr  .         Warding  .     (no ring)
rMut   .         Stasis   .     (no ring)
MR     +....                    (no ring)
Stlth  ++++......               (no ring)
                                (no ring)
                                (no ring)
                                (no ring)

@: brilliant, lethally poisoned (0 -> -14), very slightly contaminated, hasted,
very quick, somewhat resistant to hostile enchantments, stealthy
A: almost no armour, amphibious, 8 rings, constrict 8, camouflage 1, berserk 1,
magic resistance 1, poison resistance, gelatinous body 1
a: Renounce Religion


You were on level 2 of the Dungeon.
You worshipped Xom.
You were a toy of Xom.
You were not hungry.

You visited 1 branch of the dungeon, and saw 2 of its levels.

You collected 77 gold pieces.

Inventory:

Hand Weapons
 a - a +0 spear of chaos (weapon)
Scrolls
 d - a scroll of teleportation {unknown}
 e - a scroll of amnesia {unknown}
 l - a scroll of fog {unknown}
 m - a scroll of identify {unknown}
Potions
 i - a potion of mutation
Comestibles
 b - 4 bread rations
 c - a beef jerky
 f - a slice of pizza
 k - a meat ration


   Skills:
 - Level 3.0 Fighting
 + Level 3.3 Polearms
 - Level 2.3 Dodging
 * Level 3.7 Stealth


You had 2 spell levels left.
You didn't know any spells.

Dungeon Overview and Level Annotations

Branches:
Dungeon (2/15)

Altars:


Innate Abilities, Weirdness & Mutations

You cannot wear most types of armour.
You are amphibious.
You can wear up to eight rings at the same time.
You can use your tentacles to constrict eight enemies at once.
Your skin changes colour to match your surroundings (Stealth).
Your rubbery body absorbs attacks (AC +1).
You tend to lose your temper in combat.
You are resistant to hostile enchantments.
Your system is resistant to poisons.


Message History

* * * LOW HITPOINT WARNING * * *
You feel sick.
Drink which item? (? for menu, Esc to quit)
It was a potion of mutation.
You feel extremely strange.
You feel resistant to poisons.
You feel resistant to hostile enchantments.
You feel a little pissed off.
* * * LOW HITPOINT WARNING * * *
You feel sick.
Drink which item? (? for menu, Esc to quit)
It was a potion of haste.
You feel yourself speed up.
* * * LOW HITPOINT WARNING * * *
You feel sick.
You are very lightly contaminated with residual magic.
* * * LOW HITPOINT WARNING * * *
You feel sick.
* * * LOW HITPOINT WARNING * * *
You feel sick.
You die...
Xom laughs nastily!

..).....# .(..###..##.........
..####..####..........####.#...##
..# ##....................###..#
..# #.....##.....# #..###..#..##
..# #.###.# ... #..##....#.#
..###.# #.###.#. #.....#....###
......###...<.#. ##.###........#
#.###.....#####.###.....#.#####.#
#.# ###.### #.@.........# .# #.#
#.# #####.......# . #.# #.#
#.†...#.# # #.#####.# #.....#.#
........# ##..###.# #....#.##
...# #.# ####...# #..# ##.## #..#
#.# #..#


There were no monsters in sight!

Vanquished Creatures
  An adder (D:2)
  2 bats (D:1)
  6 giant cockroaches
  2 goblins
  2 hobgoblins
  3 jackals (D:2)
  A kobold (D:2)
  A giant newt (D:2)
  5 rats
23 creatures vanquished.

Notes
Turn   | Place    | Note
--------------------------------------------------------------
     0 | D:1      | M4edhros the Octopode Chaos Knight began the quest for the Orb.
     0 | D:1      | Reached XP level 1. HP: 16/16 MP: 1/1
   104 | D:1      | Reached skill level 1 in Stealth
   172 | D:1      | Reached XP level 2. HP: 17/21 MP: 2/2
   192 | D:1      | XOM: divination: detect creatures
   624 | D:2      | XOM: harmless Erth miscast
   666 | D:2      | Reached XP level 3. HP: 11/26 MP: 3/3
   700 | D:2      | Found a faded altar to an unknown god.
   759 | D:2      | Gained mutation: Your system is resistant to poisons. [potion of mutation]
   759 | D:2      | Gained mutation: You are resistant to hostile enchantments. [potion of mutation]
   759 | D:2      | Gained mutation: You tend to lose your temper in combat. [potion of mutation]
   763 | D:2      | HP: 1/26 [poison (a potion of poison)]
   764 | D:2      | Succumbed to poison (a potion of poison)

Action                   || total
-------------------------++-------
Melee: Spear             ||    56
  Use: Potion            ||     4
 Stab: Paralysed         ||     4
       Sleeping          ||    10
